 Dungeon Crawl Stone Soup version 0.28.0-53-g5a82cb258f (console) character file.

Game seed: 15877814268163924929

116 Faeu the Slasher (level 4, -3/39 HPs)
             Began as a Minotaur Fighter on May 28, 2022.
             Slain by an ogre
             ... wielding a +0 giant club
              (14 damage)
             ... on level 4 of the Dungeon.
             The game lasted 00:02:25 (2235 turns).

Faeu the Slasher (Minotaur Fighter)                 Turns: 2235, Time: 00:02:25

Health: -3/39      AC:  0    Str: 22    XL:     4   Next: 69%
Magic:  3/3        EV:  9    Int:  5    God:
Gold:   127        SH:  4    Dex: 10    Spells: 3/3 levels left

rFire   . . .      SeeInvis .   a - +0 long sword {long}
rCold   . . .      Faith    .   c - +0 buckler
rNeg    . . .      Spirit   .   b - +0 scale mail
rPois   .          Reflect  .   (helmet restricted)
rElec   .          Harm     .   k - +0 cloak
rCorr   .          Rampage  .   (no gloves)
Will    .....                   (no boots)
Stlth   ..........              (no amulet)
HPRegen 0.13/turn               (no ring)
MPRegen 0.08/turn               (no ring)

@: corroded
A: horns 2, retaliatory headbutt
a: no special abilities


You were on level 4 of the Dungeon.
You visited 1 branch of the dungeon, and saw 4 of its levels.

You collected 127 gold pieces.


Innate Abilities, Weirdness & Mutations

You have a pair of horns on your head.
You reflexively headbutt those who attack you in melee.


   Skills:
 - Level 3.6 Fighting
 + Level 6.0 Long Blades
 - Level 3.6 Armour
 - Level 3.6 Shields


You had 3 spell levels left.
You didn't know any spells.
Your spell library contained the following spells:

 Spells                   Type           Power      Damage    Failure   Level
 Corpse Rot               Necr/Air       0%         N/A       95%         2
 Poisonous Vapours        Pois/Air       0%         N/A       95%         2
 Dazzling Flash           Conj/Hex       0%         N/A       99%         3
 Agony                    Necr           0%         N/A       100%        5
 Silence                  Hex/Air        0%         N/A       100%        5

Inventory:

Hand Weapons
 a - a +0 long sword (weapon) {long}
Armour
 b - a +0 scale mail (worn)
 c - a +0 buckler (worn)
 k - a +0 cloak (worn)
   (You found it on level 2 of the Dungeon)
Scrolls
 e - a scroll of vulnerability {unknown}
 j - a scroll of fear {unknown}
 m - a scroll of teleportation {unknown}
 o - a scroll of blinking {unknown}
 q - a scroll of amnesia {unknown}
Potions
 d - a potion of might
 f - 2 potions of flight {unknown}
 g - a potion of cancellation {unknown}
 h - a potion of mutation {unknown}
 i - 2 potions of degeneration {unknown}
 l - a potion of berserk rage {unknown}
 n - a potion of heal wounds {unknown}
 p - a potion of curing {unknown}

Dungeon Overview and Level Annotations

Branches:
Dungeon (4/15)
 Temple: D:4-7

Altars:
Fedhas

. .... .. #(.# ...
#..### ..##.... #.
..... .' #..# .#
#..###+###..###
#..†#...$..[...
#(..'..........
#..##JO##....##
#..##.@# ...#
########..#........?..
#.........#...........
#.....##..########..##
#.....##..########..##
#.....##..............
########.)..†.........
#.....##'#####..###.##
#.....##...###..###.###
#.........<#....(.....+
#.......>..#..........#


You could see an ogre and a jelly.


Message History

You slash the ball python!
You kill the ball python!
You open the door.
There is an open door here.
There is an open door here.
As you open the door, it creaks loudly!
An adder comes into view.
The adder hisses angrily.
You hear a shout!
You hear an angry hiss.
You hear a shout!
The adder bites you but does no damage.
There is an open door here. 😎 HP[+1]
An adder is nearby!
You hit the adder but do no damage. Your headbutt misses the adder.
The adder bites you but does no damage.
An adder is nearby!
You hit the adder. The adder bites you but does no damage.
You block the adder's attack.
An adder is nearby!
You barely miss the adder. You block the adder's attack.
The adder bites you. 😕 HP[-3]
You take 3 damage, and now have 36/39 hp.
An adder is nearby!
You barely miss the adder. The adder barely misses you.
An adder is nearby!
You hit the adder. The adder barely misses you. The adder bites you. 😕 HP[-3]
You take 3 damage, and now have 33/39 hp.
An adder is nearby!
You barely miss the adder. Your headbutt misses the adder.
The adder bites you but does no damage.
You hit the adder.
The adder bites you but does no damage. x2
You slash the adder!
You kill the adder!
A ball python comes into view. 😕 HP[+1]
The ball python hisses angrily.
A ball python is nearby!
There is an open door here.
A ball python is nearby!
You barely miss the ball python.
You headbutt the ball python, but do no damage.
The ball python closely misses you. The ball python grabs you.
The ball python constricts you.
The ball python bites you but does no damage.
The ball python constricts you.
A ball python is nearby!
You hit the ball python.
You kill the ball python!
An iguana comes into view.
The iguana hisses angrily.
You see here a ball python corpse. 😕 HP[+1]
An iguana is nearby!
An iguana is nearby!
You hit the iguana. You headbutt the iguana. The iguana bites you! 😮 HP[-7]
You take 7 damage, and now have 28/39 hp.
An iguana is nearby!
You are too injured to fight recklessly!
An iguana is nearby!
You are too injured to fight recklessly!
You slash the iguana!
You kill the iguana!
Your Long Blades skill increases to level 6! 😮 HP[+1]
You hear a distant slurping noise.
The door mysteriously vanishes.
You sense a monster nearby.
A jelly comes into view.
You are too injured to fight recklessly!
The jelly quivers.
There is an open door here. 😕 HP[+1]
An ogre comes into view. It is wielding a +0 giant club.
The ogre shouts!
The jelly hits you but does no damage. The jelly hits you but does no damage.
You hit the jelly. The acid corrodes you!
Your hands burn!
You block the jelly's attack. 😮 HP[-1]
You take 1 damage, and now have 29/39 hp.
You hit the jelly. The acid corrodes you!
Your hands burn!
The jelly hits you.
You are splashed with acid. 😮 HP[-9]
You take 9 damage, and now have 20/39 hp.
MASSIVE DAMAGE!! (PAUSE)
You hit the jelly.
Your hands burn!
* * * LOW HITPOINT WARNING * * *
You headbutt the jelly, but do no damage.
The jelly hits you.
* * * LOW HITPOINT WARNING * * *
The acid corrodes you!
You are splashed with acid.
* * * LOW HITPOINT WARNING * * *
😨 HP[-9]
You take 9 damage, and now have 11/39 hp.
MASSIVE DAMAGE!! (PAUSE)
You barely miss the jelly. You headbutt the jelly.
The ogre hits you with a +0 giant club!
You die...

Skill      XL: |  1  2  3  4 |
---------------+-------------+-----
Long Blades    | 3 4 5 6 |  6.0
Fighting       | |  3.6
Armour         | |  3.6
Shields        | |  3.6

Action                   |  1- 3 |  4- 6 || total
-------------------------+-------+-------++-------
Melee: Long sword        |    91 |    25 ||   116
       Headbutt          |    11 |     5 ||    16
Armor: Scale mail        |    35 |    12 ||    47
Dodge: Dodged            |    25 |     4 ||    29
Block: Buckler           |    21 |     6 ||    27

Levels and vault maps discovered:
D:1:      erik_arrival_cave_to_civilisation [erik_arrival_cave_to_hall],
          layout_basic
D:2:      layout_rooms, basic_altar, hellmonk_ecumenical_altar_prayer_group
D:3:      layout_loops_ring
D:4:      minmay_angry_zag, layout_gridville, minmay_temple_entry_offerings

Notes
Turn   | Place    | Note
-------+----------+-------------------------------------------
     0 | D:1      | Faeu the Minotaur Fighter began the quest for the Orb.
     0 | D:1      | Reached XP level 1. HP: 19/19 MP: 0/0
     0 | D:1      | magus.rc [v1.9.6]
    40 | D:1      | Reached skill level 3 in Long Blades
   220 | D:1      | Reached XP level 2. HP: 26/26 MP: 1/1
   414 | D:1      | Reached skill level 4 in Long Blades
   436 | D:1      | You pick up a book of Vapours and begin reading...
   436 | D:1      | You add the spells Poisonous Vapours and Corpse Rot to your
                  | library.
   848 | D:2      | Reached XP level 3. HP: 27/31 MP: 2/2
  1193 | D:2      | Found a blossoming altar of Fedhas.
  1376 | D:2      | Found a faded altar of an unknown god.
  1771 | D:3      | You pick up a book of the Senses and begin reading...
  1771 | D:3      | You add the spells Dazzling Flash, Agony and Silence to
                  | your library.
  1989 | D:3      | Reached skill level 5 in Long Blades
  2102 | D:4      | Reached XP level 4. HP: 39/39 MP: 3/3
  2221 | D:4      | Reached skill level 6 in Long Blades
  2228 | D:4      | Noticed an ogre
  2235 | D:4      | Slain by an ogre

Vanquished Creatures
  An iguana (D:4)
  3 adders
  An adder skeleton (D:4)
  A worm (D:2)
  2 dart slugs (D:2)
  2 bats
  4 endoplasms
  10 goblins
  5 hobgoblins
  3 jackals (D:1)
  3 kobolds
  A quokka (D:4)
  8 ball pythons
  3 frilled lizards
  7 rats
54 creatures vanquished.

Table legend:
 A = Non-vault XP
 B = Vault XP
 C = Vault XP percentage of total XP
 D = Non-vault monster count
 E = Vault monster count
 F = Vault count percentage of total count
                 A         B        C        D         E       F
            +---------+---------+-------+---------+---------+-------
      Total |     162 |       4 |   2.4 |      52 |       2 |   3.7
            +---------+---------+-------+---------+---------+-------
        D:1 |      35 |       0 |   0.0 |      21 |       0 |   0.0
        D:2 |      28 |       4 |  12.5 |      12 |       2 |  14.3
        D:3 |      23 |       0 |   0.0 |       9 |       0 |   0.0
        D:4 |      76 |       0 |   0.0 |      10 |       0 |   0.0
            +---------+---------+-------+---------+---------+-------

Illustrated notes

Table legend:
 A = Kills in this place as a percentage of kills in entire the game.
 B = Kills by you in this place as a percentage of kills by you in the entire game.
 C = Kills by friends in this place as a percentage of kills by friends in the entire game.
 D = Other kills in this place as a percentage of other kills in the entire game.
 E = Experience gained in this place as a percentage of experience gained in the entire game.
 F = Experience gained in this place divided by the number of levels of this place that you have seen.
                   A       B       C       D       E      F
               +-------+-------+-------+-------+-------+----------------------
         Total | 100.0 | 100.0 |   N/A |   N/A | 100.0 |  41.5
       Dungeon | 100.0 | 100.0 |   N/A |   N/A | 100.0 |  41.5
               +-------+-------+-------+-------+-------+----------------------

Table legend: (Time is in decaauts)
 A = Elapsed time spent in this place.
 B = Non-inter-level travel time spent in this place.
 C = Inter-level travel time spent in this place.
 D = Time resting spent in this place.
 E = Time spent auto-exploring this place.
 F = Levels seen in this place.
 G = Mean time per level.
                   A        B        C        D        E       F      G
               +--------+--------+--------+--------+--------+-----+--------+
         Total |   2258 |   2180 |     78 |      0 |   1864 |   4 |  564.5 |
       Dungeon |   2258 |   2180 |     78 |      0 |   1864 |   4 |  564.5 |
               +--------+--------+--------+--------+--------+-----+--------+

Top non-repeatable levels by time:
     D:2: 738 daAuts
     D:1: 698 daAuts
     D:3: 672 daAuts
     D:4: 149 daAuts
